Map: Deathaura LE

Players

SKillous

  • Race: Protoss Protoss
  • League: Grandmaster
  • Spawn Location: 5:00

LiquidMaNa (MaNa) - Winner!

  • Race: Protoss Protoss
  • League: Grandmaster
  • Spawn Location: 11:00

Event: DreamHack SC2 Masters 2020 Fall

VOD

Have the link to the VOD?

Description

Time

  • Played on: Aug. 27, 2020, 11:13 a.m.
  • Length: 9:47

All games in this series

Show
View Real Time Build Order
Export as new Build Order

SKillous Protoss 

Build Orders: Oracle Opening 

Get SALT Encoding   

  12  0:00  Probe  
  13  0:12  Probe  
  14  0:17  Pylon  
  14  0:24  Probe (Chrono Boost)  
  15  0:36  Probe (Chrono Boost)  
  15  0:38  Gateway  
  16  0:44  Probe (Chrono Boost)  
  16  0:47  Assimilator  
  17  0:50  Probe  
  17  0:54  Assimilator  
  18  1:03  Probe (Chrono Boost)  
  19  1:10  Gateway  
  20  1:12  Probe (Chrono Boost)  
  20  1:17  Probe (Chrono Boost)  
  21  1:25  Cybernetics Core  
  21  1:29  Probe  
  22  1:34  Pylon  
  22  1:41  Probe  
  23  2:02  Probe, Stalker x2  
  23  2:03  Warp Gate  
  28  2:10  Pylon  
  28  2:33  Adept x2  
  32  2:37  Stargate  
  32  2:57  Nexus  
  32  3:03  Probe  
  33  3:11  Shield Battery  
  33  3:15  Probe  
  33  3:18  Oracle (Chrono Boost)  
  37  3:27  Probe  
  37  3:31  Pylon  
  38  3:39  Probe (Chrono Boost)  
  39  3:45  Twilight Council  
  39  3:51  Probe (Chrono Boost)  
  39  3:55  Sentry  
  42  3:56  Sentry  
  42  3:58  Probe (Chrono Boost)  
  45  4:05  Probe (Chrono Boost)  
  43  4:16  Probe (Chrono Boost)  
  45  4:17  Probe (Chrono Boost)  
  45  4:22  Probe (Chrono Boost)  
  47  4:24  Probe (Chrono Boost)  
  43  4:32  Probe (Chrono Boost)  
  43  4:35  Blink  
  45  4:40  Probe (Chrono Boost), Stalker  
  45  4:41  Probe (Chrono Boost), Stalker  
  50  4:46  Probe (Chrono Boost)  
  50  4:47  Probe  
  50  4:50  Assimilator  
  52  4:59  Phoenix  
  54  5:01  Probe  
  54  5:02  Probe  
  54  5:03  Forge  
  56  5:13  Probe (Chrono Boost)  
  55  5:16  Probe (Chrono Boost)  
  55  5:24  Stalker  
  55  5:25  Probe (Chrono Boost)  
  55  5:27  Stalker  
  56  5:32  Probe (Chrono Boost)  
  56  5:34  Probe (Chrono Boost)  
  57  5:40  Probe (Chrono Boost)  
  59  5:45  Probe (Chrono Boost)  
  59  5:46  Pylon, Probe (Chrono Boost)  
  59  5:49  Protoss Ground Weapons Level 1 (Chrono Boost)  
  60  5:52  Probe  
  60  5:53  Probe  
  61  6:04  Probe  
  62  6:05  Probe  
  62  6:08  Nexus  
  60  6:12  Pylon  
  60  6:16  Probe, Sentry, Stalker  
  60  6:17  Probe  
  66  6:24  Gateway  
  66  6:27  Photon Cannon  
  66  6:28  Probe  
  66  6:29  Probe  
  68  6:40  Probe  
  68  6:41  Probe  
  68  6:43  Pylon  
  70  6:49  Gateway  
  70  6:53  Gateway x2  
  70  6:56  Shield Battery  
  70  7:01  Probe (Chrono Boost)  
  70  7:02  Stalker  
  70  7:03  Probe (Chrono Boost)  
  70  7:05  Stalker  
  68  7:12  Charge  
  68  7:13  Probe (Chrono Boost)  
  70  7:19  Gateway, Probe (Chrono Boost)  
  70  7:20  Probe (Chrono Boost)  
  71  7:23  Stalker  
  71  7:25  Probe (Chrono Boost)  
  71  7:29  Probe (Chrono Boost)  
  70  7:33  Probe (Chrono Boost)  
  67  7:37  Probe (Chrono Boost)  
  67  7:39  Stalker x2  
  67  7:41  Probe (Chrono Boost)  
  74  7:45  Assimilator  
  74  7:47  Assimilator, Probe x2 (Chrono Boost)  
  74  7:48  Probe (Chrono Boost)  
  76  7:53  Pylon  
  76  7:54  Probe  
  76  7:57  Robotics Facility  
  77  7:59  Sentry, Stalker  
  77  8:01  Probe  
  77  8:04  Photon Cannon  
  82  8:10  Probe  
  83  8:14  Photon Cannon  
  85  8:23  Stalker  
  85  8:24  Stalker x2  
  89  8:28  Pylon  
  89  8:30  Stalker  
  89  8:32  Shield Battery  
  91  8:37  Stalker  
  91  8:38  Pylon  
  93  8:46  Stalker x2  
  97  8:49  Stalker  
  97  8:53  Pylon, Stalker  
  101  8:56  Stalker  
  101  8:59  Observer (Chrono Boost)  
  101  9:00  Pylon  
  102  9:10  Stalker x3  
  102  9:12  Zealot  
  102  9:16  Zealot x2  
  107  9:24  Zealot  
  99  9:27  Robotics Bay  
  91  9:34  Zealot x4  
  91  9:38  Stalker  
Show
View Real Time Build Order
Export as new Build Order

LiquidMaNa Protoss - Winner!

Build Orders: Oracle Opening 

Get SALT Encoding   

  12  0:00  Probe  
  13  0:12  Probe  
  14  0:17  Pylon  
  14  0:24  Probe (Chrono Boost)  
  15  0:36  Gateway, Probe (Chrono Boost)  
  16  0:44  Probe (Chrono Boost)  
  16  0:45  Assimilator  
  17  0:51  Probe  
  17  0:54  Assimilator  
  18  1:03  Probe (Chrono Boost)  
  19  1:07  Gateway  
  19  1:12  Probe (Chrono Boost)  
  19  1:17  Probe (Chrono Boost)  
  20  1:24  Cybernetics Core  
  21  1:29  Probe  
  22  1:35  Pylon  
  22  1:41  Probe  
  23  1:53  Probe  
  24  2:00  Stalker  
  24  2:01  Warp Gate, Stalker  
  28  2:05  Probe  
  29  2:12  Pylon  
  29  2:22  Stargate  
  29  2:36  Stalker  
  31  2:37  Stalker  
  31  2:44  Probe  
  33  2:56  Probe  
  34  3:02  Oracle (Chrono Boost)  
  38  3:18  Nexus  
  37  3:21  Probe  
  38  3:29  Pylon  
  38  3:33  Probe  
  39  3:47  Oracle  
  43  3:55  Twilight Council  
  42  3:56  Shield Battery  
  42  3:58  Probe  
  43  4:13  Probe (Chrono Boost)  
  44  4:18  Forge  
  44  4:23  Probe (Chrono Boost)  
  42  4:28  Probe (Chrono Boost)  
  41  4:32  Blink (Chrono Boost)  
  41  4:36  Probe (Chrono Boost)  
  42  4:42  Adept x2, Probe (Chrono Boost)  
  48  4:46  Probe (Chrono Boost)  
  48  4:48  Probe (Chrono Boost)  
  48  4:51  Probe (Chrono Boost)  
  49  4:56  Protoss Ground Weapons Level 1 (Chrono Boost), Probe  
  51  5:02  Probe  
  52  5:08  Probe  
  53  5:15  Probe  
  53  5:19  Stalker x2  
  53  5:20  Probe  
  59  5:27  Probe  
  60  5:33  Probe  
  57  5:38  Assimilator  
  57  5:39  Probe  
  57  5:40  Phoenix  
  60  5:45  Probe, Pylon  
  61  5:51  Probe  
  62  5:58  Pylon  
  62  6:01  Pylon  
  62  6:03  Probe x2  
  64  6:07  Stalker  
  64  6:08  Stalker  
  68  6:11  Shield Battery  
  68  6:15  Probe x2  
  70  6:19  Gateway x2  
  70  6:27  Probe x2  
  72  6:39  Probe x2  
  74  6:40  Sentry x2  
  74  6:45  Nexus  
  78  6:49  Pylon  
  78  6:51  Probe x2  
  80  6:57  Robotics Facility  
  80  6:58  Gateway  
  80  7:11  Probe x2, Stalker x2  
  80  7:15  Stalker x2  
  86  7:33  Probe x2  
  86  7:36  Stalker x2  
  88  7:41  Warp Prism (Chrono Boost)  
  90  7:44  Stalker  
  90  7:45  Stalker  
  94  7:57  Gateway  
  94  8:00  Gateway  
  94  8:02  Gateway  
  94  8:07  Gateway  
  94  8:13  Gateway  
  94  8:14  Probe  
  94  8:15  Observer  
  96  8:22  Stalker x3  
  102  8:29  Stalker x2  
  102  8:32  Assimilator  
  106  8:34  Pylon  
  106  8:36  Pylon  
  106  8:44  Assimilator  
  106  8:47  Pylon  
  106  8:50  Pylon  
  106  8:53  Stalker x4  
  114  9:13  Stalker x4  
  120  9:19  Zealot x3  
  120  9:20  Zealot x2  
  124  9:24  Zealot  
  109  9:42  Stalker x4  

Tags
 
Add a new tag
Caveats
  • Supply blocks, unpowered buildings, or Contaminate may cause inaccurate times.
  • Supply counts are checked every 10 seconds.